 Dungeon Crawl Stone Soup version 0.30.1 (webtiles) character file.

Game seed: 11060272854625667995

127 monsoonserge the Covered (level 5, -1/47 HPs)
             Began as a Meteoran Fighter on July 8, 2023.
             Was an Initiate of Nemelex Xobeh.
             Slain by an orc
             ... wielding a +2 trident of distortion
              (4 damage)
             ... on level 3 of the Dungeon.
             The game lasted 00:06:57 (1305 turns).

monsoonserge the Covered (Meteoran Fighter)         Turns: 1305, Time: 00:06:59

Health: -1/47      AC:  9    Str: 20    XL:     5   Next: 60%
Magic:  6/6        EV: 10    Int:  9    God:    Nemelex Xobeh [......]
Gold:   214        SH:  5    Dex: 13    Spells: 4/4 levels left

rFire   . . .        a - +0 war axe
rCold   . . .        c - +0 buckler
rNeg    . . .        b - +0 scale mail
rPois   .            g - +0 helmet
rElec   .            (no cloak)
rCorr   .            (no gloves)
SInv    .            i - +0 pair of boots
Will    .....        (no amulet) Stlth
                     (no ring)
HPRegen 0.27/turn    (no ring)
MPRegen 0.10/turn

%: no passive effects
@: glowing
A: sense surroundings 1, otherworldly, glowing, explore regen
a: Renounce Religion, Draw Escape, Draw Destruction, Draw Summoning


You were on level 3 of the Dungeon.
You worshipped Nemelex Xobeh.
Nemelex Xobeh was noncommittal.
You visited 1 branch of the dungeon, and saw 3 of its levels.

You collected 214 gold pieces.

Inventory:

Hand Weapons
 a - a +0 war axe (weapon)
Armour
 b - a +0 scale mail (worn)
 c - a +0 buckler (worn)
 g - a +0 helmet (worn)
 i - a +0 pair of boots (worn)
Scrolls
 e - a scroll of teleportation {unknown}
 j - 7 scrolls of identify {unknown}
 o - a scroll of fear {unknown}
 p - a scroll of amnesia {unknown}
Potions
 d - a potion of might
 f - a potion of resistance {unknown}
 h - a potion of brilliance {unknown}
 k - 3 potions of curing {unknown}
 l - 2 potions of berserk rage {unknown}
 m - a potion of ambrosia {unknown}
 n - a potion of flight {unknown}


   Skills:
 + Level 4.3 Fighting
 - Level 3.0 Axes
 + Level 5.1 Armour
 + Level 1.5 Dodging
 - Level 4.0 Shields


You had 4 spell levels left.
You didn't know any spells.
Your spell library contained the following spells:

 Spells                   Type           Power      Damage    Failure   Level
 Blink                    Tloc           0%         N/A       90%         2
 Lesser Beckoning         Tloc           0%         N/A       90%         2
 Momentum Strike          Conj/Tloc      0%         3d8       90%         2


Dungeon Overview and Level Annotations

Branches:
Dungeon (3/15) Zot: 431

Altars:
Hepliaklqana
Nemelex Xobeh


Innate Abilities, Weirdness & Mutations

You passively map a small area around you.
You are easily found by Zot.
You glow in the dark.
You regain HP and MP as you explore.


Message History

An orc comes into view. It is wielding a +0 club.
The orc shouts!
The orc priest mumbles some strange prayers to Beogh against you.
Beogh smites you!
The orc priest hits you but does no damage.
You block the orc's attack.
You slash the orc priest!
The orc priest is heavily wounded.
The orc priest mumbles some strange prayers to Beogh against you.
Pain shoots through your body! The orc hits you but does no damage.
Space warps horribly around you!!
* * * LOW HITPOINT WARNING * * *
You hit the orc priest.
The orc priest is heavily wounded.
The orc priest barely misses you. The orc barely misses you.
You barely miss the orc priest.
The orc priest is heavily wounded.
The orc priest barely misses you. The orc completely misses you.
The orc priest hits you with a +0 falchion.
* * * LOW HITPOINT WARNING * * *
You block the orc's attack.
Unknown command.
Okay, then.
You barely miss the orc priest.
The orc priest is heavily wounded.
The orc priest closely misses you. You block the orc's attack.
You barely miss the orc priest.
The orc priest is heavily wounded.
The orc priest hits you with a +0 falchion.
* * * LOW HITPOINT WARNING * * *
You block the orc's attack.
The orc priest looks satisfied for a moment.
The orc hits you but does no damage.
You barely miss the orc priest.
The orc priest is heavily wounded.
The orc priest hits you with a +0 falchion.
* * * LOW HITPOINT WARNING * * *
The orc hits you from afar with a +2 trident of distortion.
You die...
Your body disappears without additional glow.

#. ..., , #.# #.#,##
, * ...#. , * * #.
#o#{# , , * # #.
#o#<# , , ..#.##o#.#
, , #.#.##@#.#
#.#.##.#.# ,
#########.#.##.#.#
#.. .........#.#.#
###.######...#...#.#
....)..........>.#.#
* ##..####.........#
*
##..#..##.###.#.##,
*, #...#.....#
#.....,,


You could see an orc priest and 2 orcs.

Vanquished Creatures
  Jessica (D:3)
  An orc wizard (D:2)
  An adder (D:2)
  2 worms
  A dart slug (D:1)
  An orc (D:3)
  7 ball pythons
  5 endoplasms
  2 giant cockroaches
  9 goblins
  5 hobgoblins
  A jackal (D:2)
  2 quokkas (D:2)
  8 bats
  4 frilled lizards
  2 kobolds (D:1)
  4 rats
56 creatures vanquished.

Notes
Turn   | Place    | Note
-------+----------+-------------------------------------------
     0 | D:1      | monsoonserge the Meteoran Fighter began the quest for the
                  | Orb.
     0 | D:1      | Reached XP level 1. HP: 19/19 MP: 2/2
    77 | D:1      | Reached XP level 2. HP: 16/26 MP: 3/3
   151 | D:1      | Reached XP level 3. HP: 31/31 MP: 4/4
   224 | D:1      | Reached skill level 4 in Armour
   477 | D:1      | Glimpsed the power of Zot.
   482 | D:2      | You fall into a shaft and drop 1 floor!
   487 | D:3      | Found a hazy altar of Hepliaklqana.
   667 | D:2      | Reached XP level 4. HP: 30/40 MP: 5/5
  1101 | D:2      | Reached skill level 1 in Dodging
  1126 | D:2      | Reached XP level 5. HP: 8/46 MP: 6/6
  1235 | D:3      | Reached skill level 5 in Armour
  1261 | D:3      | Noticed Jessica
  1272 | D:3      | Killed Jessica
  1279 | D:3      | Found a sparkling altar of Nemelex Xobeh.
  1286 | D:3      | Became a worshipper of Nemelex Xobeh the Trickster
  1305 | D:3      | Slain by an orc

Illustrated notes

Levels and vault maps discovered:
D:1:      dpeg_arrival_arbitrary_c, layout_basic, chequers_serial_rivers_room_b,
          minmay_tromino_v4_c
D:2:      layout_basic, minmay_tall_x
D:3:      layout_loops_ring, mainiacjoe_overflow_alcove_1,
          amcnicky_altar_gilded, uniq_jessica

Skill      XL: |  1  2  3  4  5 |
---------------+----------------+-----
Shields        | 4 |  4.0
Axes           | 3 |  3.0
Armour         | 4 5 |  5.1
Dodging        | 1 |  1.5
Fighting       | 4 |  4.3

Action                     |  1- 3 |  4- 6 || total
---------------------------+-------+-------++-------
  Melee: War axe           |    97 |    69 ||   166
 Armour: Scale mail        |    51 |    47 ||    98
  Dodge: Dodged            |    30 |    32 ||    62
  Block: Buckler           |    26 |    27 ||    53
